 Dungeon Crawl Stone Soup version 0.18.1-48-g4cf74bf (webtiles) character file.

963 Psiweapon the Quickloader (level 8, 0/44 HPs)
             Began as a Kobold Hunter on July 2, 2016.
             Was an Initiate of Okawaru.
             Slain by an ice beast (10 damage)
             ... on level 5 of the Dungeon on July 10, 2016.
             The game lasted 00:27:15 (6248 turns).

Psiweapon the Quickloader (Kobold Hunter)           Turns: 6248, Time: 00:27:15

Health: 0/44       AC:  4    Str: 11    XL:     8   Next: 37%
Magic:  8/8        EV: 15    Int:  9    God:    Okawaru [......]
Gold:   96         SH:  0    Dex: 18    Spells: 0 memorised, 7 levels left

rFire  . . .     SeeInvis .     b - +2 falchion (venom)
rCold  . . .     Gourm    .     n - +0 leather armour
rNeg   . . .     Faith    .     (shield restricted)
rPois  .         Spirit   .     (no helmet)
rElec  .         Dismiss  .     (no cloak)
rCorr  .         Reflect  .     (no gloves)
SustAt .         Harm     .     x - +0 pair of boots
MR     .....                    (no amulet)
Stlth  +++.......               (no ring)
                                (no ring)

@: not resistant to hostile enchantments, fairly stealthy
A: carnivore 3
a: Renounce Religion


You were on level 5 of the Dungeon.
You worshipped Okawaru.
Okawaru was noncommittal.
You were completely stuffed.

You visited 2 branches of the dungeon, and saw 7 of its levels.

You collected 96 gold pieces.

Inventory:

Hand Weapons
 a - a +1 hand crossbow
 b - a +2 falchion of venom (weapon)
 c - a +1 dagger of holy wrath
 u - a +0 short sword
Missiles
 d - 45 bolts
 o - 11 poisoned needles
 t - 4 tomahawks (quivered)
Armour
 n - a +0 leather armour (worn)
 x - a +0 pair of boots (worn)
 y - a +0 ring mail
Wands
 k - a wand of disintegration (11/24)
 p - a wand of iceblast (7/15)
Scrolls
 g - 2 scrolls of teleportation {unknown}
 h - 2 scrolls of random uselessness {unknown}
 i - 2 scrolls of identify
 j - a scroll of remove curse {unknown}
 l - 2 scrolls of recharging
 q - a scroll of magic mapping {unknown}
 r - a scroll of enchant armour {unknown}
 z - a scroll of blinking {unknown}
Potions
 e - a potion of degeneration {unknown}
 m - 2 potions of lignification
 s - a potion of ambrosia {unknown}
 v - a potion of might {unknown}
 A - a potion of agility
 B - a potion of haste {unknown}
Comestibles
 f - 4 meat rations
 w - 2 beef jerkies


   Skills:
 - Level 2.1 Fighting
 + Level 2.6 Long Blades
 - Level 10.2 Crossbows
 - Level 2.4 Dodging
 + Level 5.3 Stealth


You had 7 spell levels left.
You didn't know any spells.

Dungeon Overview and Level Annotations

Branches:
Dungeon (6/15)             Temple (1/1) D:5

Altars:
Ashenzari
Cheibriados
Elyvilon
Fedhas
Gozag
Makhleb
Nemelex Xobeh
Okawaru
Pakellas
Qazlal
Ru
Sif Muna
Trog
Vehumet
Xom
Yredelemnul
Zin
The Shining One

Shops:
D:5 =

Annotations:
D:2 exclusion: downstairs
D:3 exclusion: downstairs
D:5 exclusion: downstairs


Innate Abilities, Weirdness & Mutations

You are small and have problems with some larger weapons.
You are carnivorous and can eat meat at any time.


Message History

The ice beast is moderately wounded.
The ice beast hits you. The ice beast freezes you!
You hit the ice beast.
The ice beast is heavily wounded.
The ice beast hits you. The ice beast freezes you!
There is a stone staircase leading up here.
The ice beast hits you. The ice beast freezes you!
* * * LOW HITPOINT WARNING * * *
You climb upwards.
Level annotation: exclusion: downstairs
There is a stone staircase leading down here.
You barely miss the ice beast.
The ice beast is heavily wounded.
The ice beast barely misses you.
You hit the ice beast.
The ice beast is severely wounded.
The ice beast misses you. The ice beast hits you.
* * * LOW HITPOINT WARNING * * *
The ice beast freezes you!
You die...

.......#
#........#
.......#
#........#
.......#
#........#
.......#
#........#
.......#
#........#
)......#
#........#
########
###......#
..#
#......#
..#
#@Y....#
..#
#......#
..#
#......#
..#
#......#
..#
#......#
).#
#......#
###
#......#
########


You could see an ice beast.

Vanquished Creatures
  A phantom (D:4)
  An ogre (D:4)
  2 scorpions
  3 crimson imps
  2 giant frog zombies (D:5)
  A centaur zombie (D:5)
  5 orc wizards
  2 orc priests (D:3)
  2 worker ants
  2 worker ant zombies (D:5)
  12 adders
  A howler monkey skeleton (D:5)
  2 oozes
  3 worms
  5 dart slugs
  4 giant geckos
  10 orcs
  7 giant cockroaches
  5 goblins
  5 hobgoblins
  4 jackals
  6 kobolds
  A quokka (D:3)
  3 ball pythons
  8 bats
  A giant gecko skeleton (D:4)
  3 giant newts (D:2)
  A jackal skeleton (D:3)
  A quokka skeleton (D:4)
  8 rats
111 creatures vanquished.

Notes
Turn   | Place    | Note
--------------------------------------------------------------
     0 | D:1      | Psiweapon the Kobold Hunter began the quest for the Orb.
     0 | D:1      | Reached XP level 1. HP: 12/12 MP: 1/1
    58 | D:2      | Reached skill level 5 in Crossbows
    58 | D:2      | Reached XP level 2. HP: 10/17 MP: 2/2
   425 | D:1      | Reached XP level 3. HP: 17/21 MP: 3/3
   734 | D:1      | Reached skill level 6 in Crossbows
   877 | D:2      | Noticed a water elemental
   879 | D:2      | Found a stormy altar of Qazlal.
   880 | D:2      | Noticed an air elemental
   880 | D:2      | Noticed an earth elemental
   880 | D:2      | Noticed a fire elemental
   938 | D:2      | Found a snail-covered altar of Cheibriados.
   990 | D:2      | Reached XP level 4. HP: 26/26 MP: 4/4
  1611 | D:1      | Found a shimmering altar of Xom.
  1649 | D:1      | Reached skill level 7 in Crossbows
  2231 | D:3      | Reached XP level 5. HP: 28/30 MP: 5/5
  2436 | D:3      | HP: 2/45 [poisoned by a worker ant]
  3040 | D:3      | Reached skill level 8 in Crossbows
  3040 | D:3      | Reached XP level 6. HP: 33/35 MP: 6/6
  3263 | D:3      | Found a glowing silver altar of Zin.
  3264 | D:3      | Found a burning altar of Makhleb.
  3269 | D:3      | Found an iron altar of Okawaru.
  3456 | D:5      | Entered Level 5 of the Dungeon
  3576 | D:4      | Noticed an ogre
  3580 | D:4      | Killed an ogre
  3580 | D:4      | Reached skill level 9 in Crossbows
  3938 | D:4      | Reached XP level 7. HP: 38/40 MP: 7/7
  4183 | D:4      | Reached skill level 10 in Crossbows
  4492 | D:4      | Found a glowing golden altar of the Shining One.
  4982 | D:4      | Reached skill level 1 in Long Blades
  5412 | D:5      | Reached XP level 8. HP: 44/44 MP: 8/8
  5682 | D:5      | Found Sucup Leotze's Jewellery Emporium.
  5775 | D:5      | Reached skill level 5 in Stealth
  5966 | D:5      | Found a staircase to the Ecumenical Temple.
  5971 | Temple   | Entered the Ecumenical Temple
  6129 | D:3      | Became a worshipper of Warmaster Okawaru
  6248 | D:5      | Slain by an ice beast

Skill      XL: |  1  2  3  4  5  6  7  8 |
---------------+-------------------------+-----
Crossbows      | 5 6 7 8 9 10 | 10.2
Stealth        | 3 5 |  5.3
Long Blades    | 1 2 |  2.6
Fighting       | |  2.1
Dodging        | |  2.4

Action                   |  1- 3 |  4- 6 |  7- 9 || total
-------------------------+-------+-------+-------++-------
Melee: Short sword       |    65 |   118 |       ||   183
       Dagger            |       |    71 |    69 ||   140
       Falchion          |       |     8 |    49 ||    57
 Fire: Hand crossbow     |    19 |    79 |    64 ||   162
  Use: Potion            |       |     4 |       ||     4
       Scroll            |       |       |     3 ||     3
 Stab: Sleeping          |     3 |     4 |       ||     7
       Confused          |       |       |     1 ||     1
  Eat: Chunk             |     6 |    11 |     8 ||    25
Armor: Leather armour    |    21 |    37 |    27 ||    85
       Skin              |       |    11 |       ||    11
Dodge: Dodged            |    54 |   148 |    75 ||   277
